 Dungeon Crawl Stone Soup version 0.31-a0-344-gd109795599 (webtiles) character file.

Game seed: 8712277203974359778

3 AdnanSaban the Covered (level 1, 0/14 HPs)
             Began as a Gargoyle Fighter on July 22, 2023.
             Slain by a gnoll
             ... wielding a +0 club
              (5 damage)
             ... on level 1 of the Dungeon.
             The game lasted 00:00:14 (113 turns).

AdnanSaban the Covered (Gargoyle Fighter)            Turns: 113, Time: 00:00:15

Health: 0/14       AC:  9    Str: 19    XL:     1   Next: 50%
Magic:  1/1        EV:  9    Int:  8    God:
Gold:   0          SH:  4    Dex:  9    Spells: 0/0 levels left

rFire   . . .        a - +0 flail
rCold   . . .        c - +0 buckler
rNeg    + . .        b - +0 scale mail
rPois   ∞            (no helmet)
rElec   +            (no cloak)
rCorr   .            (no gloves)
SInv    .            (no boots)
Will    .....        (no amulet) Stlth
                     (no ring)
HPRegen 0.22/turn    (no ring)
MPRegen 0.07/turn

%: no passive effects
@: no status effects
A: sickness immunity, AC +2, negative energy resistance 1, electricity
resistance, torment resistance 1, petrification resistance
a: no special abilities


You were on level 1 of the Dungeon.
You visited 1 branch of the dungeon, and saw 1 of its levels.

Inventory:

Hand Weapons
 a - a +0 flail (weapon)
Armour
 b - a +0 scale mail (worn)
 c - a +0 buckler (worn)
Potions
 d - a potion of might


   Skills:
 + Level 3.3 Fighting
 + Level 2.0 Maces & Flails
 + Level 3.3 Armour
 + Level 3.3 Shields


You couldn't memorise any spells.
You didn't know any spells.
Your spell library was empty.

Dungeon Overview and Level Annotations

Branches:
Dungeon (1/15)

Altars:


Innate Abilities, Weirdness & Mutations

You are immune to sickness and miasma.
Your stone body is resilient. (AC +2)
You are immune to poison.
You resist negative energy. (rN+)
You are resistant to electric shocks. (rElec)
You are resistant to unholy torment.
You are immune to petrification.


Message History

The frilled lizard bites you but does no damage.
You closely miss the frilled lizard.
A kobold comes into view. It is wielding a +0 whip.
The frilled lizard bites you but does no damage.
The ball python bites you but does no damage.
The ball python grabs you. The ball python constricts you.
The frilled lizard bites you but does no damage.
You hit the ball python.
You kill the ball python!
The frilled lizard closely misses you.
You barely miss the gnoll. The gnoll hits you but does no damage.
You block the frilled lizard's attack.
You sock the gnoll!
The gnoll is severely wounded.
The gnoll barely misses you. The kobold hits you with a +0 whip.
The frilled lizard barely misses you. The frilled lizard bites you.
The kobold hits you with a +0 whip. You block the gnoll's attack.
You are too injured to fight recklessly!
You are too injured to fight recklessly!
You are too injured to fight recklessly!
You are too injured to fight recklessly!
You are too injured to fight recklessly!
You are too injured to fight recklessly!
You are too injured to fight recklessly!
You are too injured to fight recklessly!
You are too injured to fight recklessly!
You are too injured to fight recklessly!
You are too injured to fight recklessly!
You are too injured to fight recklessly!
You are too injured to fight recklessly!
You are too injured to fight recklessly!
You are too injured to fight recklessly!
You are too injured to fight recklessly!
You are too injured to fight recklessly!
The kobold attacks as you move away! The kobold hits you but does no damage.
The gnoll attacks as you move away! The gnoll hits you with a +0 club.
The kobold attacks as you move away! You block the kobold's attack.
The kobold attacks as you move away! The kobold barely misses you.
The gnoll attacks as you move away! The gnoll hits you with a +0 club.
You die...

#### .. #...
##.###################.###
.................#.......#
.!###.....####.##.##.#.#
#[#..g@..# #.......#.#
##.###?..lK..####.......#.#
..........K.............#.#
.##.#†...........##.##.#.#
...........................
...................#.##.#..
...................#....#..
...$.............. #.##....
#................ ####....


You could see a gnoll, 2 kobolds and a frilled lizard.

Vanquished Creatures
  2 bats (D:1)
  A ball python (D:1)
3 creatures vanquished.

Notes
Turn   | Place    | Note
-------+----------+-------------------------------------------
     0 | D:1      | AdnanSaban the Gargoyle Fighter began the quest for the
                  | Orb.
     0 | D:1      | Reached XP level 1. HP: 14/14 MP: 1/1
   113 | D:1      | Slain by a gnoll

Illustrated notes

Levels and vault maps discovered:
D:1:      wander_arrival_lonely_grave, layout_basic, serial_glass,
          glass_columns_a, glass_columns_b, serial_shops,
          nicolae_shop_dealshenge, minmay_door_square, minmay_tetromino_t2

Action                     || total
---------------------------++-------
  Melee: Flail             ||     9
 Armour: Scale mail        ||    10
  Dodge: Dodged            ||     7
  Block: Buckler           ||     4

Table legend: (Time is in decaauts)
 A = Elapsed time spent in this place.
 B = Non-inter-level travel time spent in this place.
 C = Inter-level travel time spent in this place.
 D = Time resting spent in this place.
 E = Time spent auto-exploring this place.
 F = Levels seen in this place.
 G = Mean time per level.
                   A        B        C        D        E       F      G
               +--------+--------+--------+--------+--------+-----+--------+
         Total |    116 |    116 |      0 |      0 |     92 |   1 |  116.0 |
       Dungeon |    116 |    116 |      0 |      0 |     92 |   1 |  116.0 |
               +--------+--------+--------+--------+--------+-----+--------+

Top non-repeatable levels by time:
     D:1: 116 daAuts
